 Dungeon Crawl Stone Soup version 0.22.1-1-ga44c0e5 (webtiles) character file.

12042 peep the Thaumaturge (level 11, -2/69 HPs)
             Began as an Octopode Venom Mage on Oct 29, 2018.
             Was a High Priest of Vehumet.
             Slain by a manticore (12 damage)
             ... on level 12 of the Dungeon.
             The game lasted 00:54:39 (18670 turns).

peep the Thaumaturge (Octopode Venom Mage)         Turns: 18670, Time: 00:54:40

Health: -2/69      AC:  4    Str:  7    XL:     11   Next: 87%
Magic:  26/35      EV: 13    Int: 19    God:    Vehumet [*****.]
Gold:   540        SH:  0    Dex: 15    Spells: 15/32 levels left

rFire    . . .     SeeInvis +   q - +0 halberd
rCold    . . .     Gourm    .   (shield currently unavailable)
rNeg     . . .     Faith    .   (helmet restricted)
rPois    +         Spirit   .   N - amulet of rage
rElec    .         Reflect  .   k - ring of poison resistance
rCorr    .         Harm     .   w - ring of magical power
MR       +....                  C - ring of see invisible
Stlth    +++.......             M - +3 ring of protection
HPRegen  0.21/turn              I - ring of protection from magic
MPRegen  0.24/turn              (no ring)
                                (no ring)
                                (no ring)

@: no status effects
A: almost no armour, stealthy swim, amphibious, 8 rings, constrict 8, camouflage
1, gelatinous body 1
a: Renounce Religion, Evoke Berserk Rage


You were on level 12 of the Dungeon.
You worshipped Vehumet.
Vehumet was extremely pleased with you.
You were very hungry.

You visited 2 branches of the dungeon, and saw 13 of its levels.

You collected 573 gold pieces.
You spent 33 gold pieces at shops.

Inventory:

Hand Weapons
 n - a +2 whip of freezing
 q - a +0 halberd (weapon)
 D - a +2 short sword of flaming
 G - a +0 trident
 O - a -2 blowgun
Missiles
 e - 94 poisoned needles
 o - 2 poisoned tomahawks
 u - 184 stones (quivered)
 v - a throwing net
 x - 4 needles of confusion
 P - 9 curare-tipped needles
Jewellery
 k - a ring of poison resistance (left tentacle)
 w - a ring of magical power (right tentacle)
 C - a ring of see invisible (on tentacle)
 I - a ring of protection from magic (on tentacle)
 M - a +3 ring of protection (on tentacle)
 N - an amulet of rage (around mantle)
 S - an uncursed amulet of regeneration {unknown}
Wands
 g - a wand of acid (10)
 B - a wand of disintegration (8)
 E - a wand of random effects (35)
 K - a wand of digging (13)
 Q - a wand of polymorph (18)
Scrolls
 d - 7 scrolls of remove curse
 h - 5 scrolls of magic mapping
 i - 4 scrolls of enchant weapon
 l - 4 scrolls of teleportation
 m - 4 scrolls of fear {unknown}
 r - 3 scrolls of amnesia {unknown}
 y - 2 scrolls of enchant armour {unknown}
 z - a scroll of fog {unknown}
 A - a scroll of noise {unknown}
 R - a scroll of identify
Potions
 a - 3 potions of agility
 c - a potion of flight {unknown}
 f - 3 potions of heal wounds
 j - 3 potions of haste
 p - 3 potions of might
 s - 4 potions of curing
 t - a potion of brilliance {unknown}
 F - 2 potions of berserk rage
 H - a potion of mutation {unknown}
 J - a potion of invisibility {unknown}
 L - 2 potions of cancellation
Comestibles
 b - 28 rations


   Skills:
 + Level 4.2 Fighting
 + Level 7.1 Polearms
 - Level 2.0 Dodging
 - Level 2.6 Stealth
 - Level 11.0 Spellcasting
 * Level 8.0 Conjurations
 - Level 4.0 Summonings
 + Level 1.5 Necromancy
 * Level 2.6 Fire Magic
 - Level 2.0 Air Magic
 + Level 0.5 Earth Magic
 - Level 8.0 Poison Magic


You had 15 spell levels left.
You knew the following spells:

 Your Spells              Type           Power        Failure   Level  Hunger
a - Sting                 Conj/Pois      ####         1%          1    None
b - Poisonous Vapours     Pois/Air       ####..       1%          2    None
c - Olgreb's Toxic Radia  Pois           #####...     1%          4    ##.....
d - Animate Skeleton      Necr           N/A          3%          1    None
e - Apportation           Tloc           ##....       7%          1    None
f - Summon Small Mammal   Summ           ####         1%          1    None
g - Sandblast             Erth           ##....       1%          1    None
h - Bolt of Fire          Conj/Fire      ####......   28%         6    ######.

Your spell library contained the following spells:

 Spells                   Type           Power        Failure   Level  Hunger
 Mephitic Cloud           Conj/Pois/Air  ####....     1%          3    None
 Venom Bolt               Conj/Pois      #####.....   1%          5    ####...
 Confusing Touch          Hex            ##....       7%          1    None
 Confuse                  Hex            ##......     21%         3    None
 Gell's Gravitas          Tloc           ##........   21%         3    None
 Yara's Violent Unravell  Hex/Tmut       ##........   41%         5    ####...
 Petrify                  Tmut/Erth      ##......     52%         4    ##.....
 Metabolic Englaciation   Hex/Ice        ##........   88%         5    ####...


Dungeon Overview and Level Annotations

Branches:
Dungeon (12/15)            Temple (1/1) D:4            Lair (0/6) D:11
    Orc (0/2) D:9

Altars:
Ashenzari
Cheibriados
Dithmenos
Elyvilon
Fedhas
Gozag
Hepliaklqana
Kikubaaqudgha
Makhleb
Nemelex Xobeh
Okawaru
Qazlal
Ru
Sif Muna
Trog
Uskayaw
Vehumet
Wu Jian
Xom
Yredelemnul
Zin
The Shining One
Beogh

Shops:
D:5 =   D:11 *

Annotations:
D:3 1 runed door, Bodigarde's ghost, amateur HOMo
D:8 3 runed doors, exclusion: ice beast, SeriousVitamin's ghost, novice DEFE
D:11 exclusion: downstairs


Innate Abilities, Weirdness & Mutations

You cannot wear most types of armour.
You are very stealthy in the water. (Stealth+)
You are amphibious.
You can wear up to eight rings at the same time.
You can use your tentacles to constrict eight enemies at once.
Your skin changes colour to match your surroundings (Stealth+).
Your rubbery body absorbs attacks. (AC +1, EV +1)


Message History

The manticore is heavily wounded.
The manticore looks even sicker.
The manticore closely misses you. The manticore barely misses you.
The manticore claws you but does no damage.
You hit the manticore but do no damage. You squeeze the manticore!
The manticore is severely wounded.
The manticore looks even sicker.
The manticore bites you! The manticore closely misses you.
The manticore claws you.
You hit the manticore but do no damage. You squeeze the manticore.
The manticore is almost dead.
You carefully extract the barbed spikes from your body.
Your toxic aura wanes.
The manticore bites you. The manticore claws you. x2
You hit the manticore.
You squeeze the manticore, but do no damage.
The manticore is almost dead.
The manticore bites you!
* * * LOW HITPOINT WARNING * * *
The manticore claws you!
You die...

.#########......##
.................##
...................
#................._....
###......................
#........................
#........................
#........#####...........
#........# #.@.########
#.)......# #..H#
##........# #...'..H...
..........# #...#.....>
....<.....# #...#####+#
..........# #........
#######...# #........
#...# #........
#...#####........


You could see a manticore.

Vanquished Creatures
  A two-headed ogre (D:10)
  Sonja (D:11)
  Pikel (D:9)
  A cyclops (D:11)
  A centaur zombie (D:10)
  3 trolls
  4 hippogriffs
  20 yaks
  A spriggan (D:8)
  A wyvern (D:9)
  4 orc warriors
  2 necrophages
  A slave (D:9)
  8 ogres
  3 sky beasts
  A phantom (D:9)
  A centaur (D:6)
  A crocodile (D:11)
  A big kobold (D:7)
  5 bullfrogs
  7 scorpions
  6 killer bees (D:9)
  4 howler monkeys
  6 crimson imps
  A bullfrog zombie (D:6)
  7 hounds
  4 jellies
  A quasit (D:10)
  A bullfrog skeleton (D:7)
  5 orc priests
  4 centaur skeletons
  7 iguanas
  8 orc wizards
  9 worker ants
  A worker ant zombie (D:10)
  3 gnolls (D:4)
  A howler monkey skeleton (D:4)
  18 adders
  4 river rats (D:10)
  3 shadow imps
  An adder skeleton (D:4)
  A worm (D:5)
  3 dart slugs
  2 leopard geckos
  64 orcs
  2 ball pythons
  5 giant cockroaches
  15 goblins
  8 hobgoblins
  2 jackals (D:2)
  3 quokkas
  8 bats
  8 frilled lizards
  A jackal skeleton (D:4)
  13 kobolds
  34 rats
331 creatures vanquished.

Vanquished Creatures (collateral kills)
  A centaur zombie (D:10)
  A hungry ghost (D:9)
  A water moccasin (D:11)
  An ice beast (D:9)
  A phantom (D:8)
  A big kobold (D:10)
  A bullfrog (D:9)
  A wyvern zombie (D:6)
  A wyvern skeleton (D:10)
  A worker ant (D:6)
  A hound zombie (D:10)
  3 river rats (D:10)
  3 orcs
  A plant (D:9)
18 creatures vanquished.

Vanquished Creatures (others)
  3 slaves (D:9)
  A hound (D:9)
  A worker ant (D:9)
  An orc (D:9)
  A kobold (D:9)
  A fungus (D:6)
8 creatures vanquished.

Grand Total: 357 creatures vanquished

Notes
Turn   | Place    | Note
-------+----------+-------------------------------------------
     0 | D:1      | peep the Octopode Venom Mage began the quest for the Orb.
     0 | D:1      | Reached XP level 1. HP: 11/11 MP: 3/3
   548 | D:1      | Reached XP level 2. HP: 17/17 MP: 1/5
   558 | D:1      | Learned a level 2 spell: Poisonous Vapours
  1420 | D:2      | Found a glowing silver altar of Zin.
  1443 | D:2      | Reached XP level 3. HP: 9/21 MP: 6/6
  1660 | D:2      | Reached skill level 5 in Poison Magic
  2184 | D:2      | Reached XP level 4. HP: 27/27 MP: 7/7
  2301 | D:2      | Learned a level 4 spell: Olgreb's Toxic Radiance
  2685 | D:2      | Reached skill level 1 in Air Magic
  3466 | D:3      | Found a runed door.
  3468 | D:3      | Noticed Bodigarde's ghost (amateur HOMo)
  3475 | D:3      | Reached XP level 5. HP: 27/31 MP: 6/8
  4189 | D:3      | Found an opulent altar of Gozag.
  4189 | D:3      | Found a glowing golden altar of the Shining One.
  4504 | D:3      | Found a hazy altar of Hepliaklqana.
  4814 | D:4      | Found a staircase to the Ecumenical Temple.
  5507 | D:4      | Noticed an ogre
  5517 | D:4      | Killed an ogre
  5517 | D:4      | Reached skill level 3 in Spellcasting
  5517 | D:4      | Reached XP level 6. HP: 37/37 MP: 1/10
  5811 | D:4      | Reached skill level 1 in Fighting
  6230 | D:4      | Reached XP level 7. HP: 43/43 MP: 1/12
  6722 | D:4      | Reached skill level 4 in Spellcasting
  7044 | Temple   | Entered the Ecumenical Temple
  7273 | Temple   | Became a worshipper of Elyvilon the Healer
  7291 | D:4      | Found a sparkling altar of Nemelex Xobeh.
  7407 | D:4      | Got a steaming hunting sling
  7408 | D:4      | Identified the cursed +0 hunting sling "Giantbane" {freeze,
                  | Int+2} (You found it on level 4 of the Dungeon)
  7422 | D:5      | Entered Level 5 of the Dungeon
  7469 | D:5      | Found a radiant altar of Vehumet.
  7491 | D:5      | Fell from the grace of Elyvilon
  7491 | D:5      | Became a worshipper of Vehumet
  7670 | D:5      | Reached skill level 5 in Spellcasting
  7670 | D:5      | Reached XP level 8. HP: 48/48 MP: 2/15
  7792 | D:5      | Found a shadowy altar of Dithmenos.
  7980 | D:5      | Reached skill level 1 in Polearms
  8606 | D:5      | Found Garif's Jewellery Shoppe.
  8776 | D:5      | Learned a level 1 spell: Animate Skeleton
  8781 | D:5      | Learned a level 1 spell: Apportation
  8783 | D:5      | Learned a level 1 spell: Summon Small Mammal
  9311 | D:6      | Reached skill level 6 in Spellcasting
  9412 | D:6      | Reached * piety under Vehumet
  9412 | D:6      | Offered knowledge of Sandblast by Vehumet.
  9415 | D:6      | Learned a level 1 spell: Sandblast
  9773 | D:6      | Reached skill level 1 in Summonings
  9973 | D:6      | Found a stormy altar of Qazlal.
  9977 | D:6      | Reached XP level 9. HP: 42/52 MP: 16/19
 10041 | D:6      | Found a blossoming altar of Fedhas.
 11004 | D:7      | Reached skill level 7 in Spellcasting
 11229 | D:7      | Reached ** piety under Vehumet
 11366 | D:7      | Found a sacrificial altar of Ru.
 11428 | D:7      | Found a hide-covered altar of Uskayaw.
 11434 | D:7      | Offered knowledge of Shock by Vehumet.
 11453 | D:7      | Found an ancient bone altar of Kikubaaqudgha.
 11829 | D:7      | Found a basalt altar of Yredelemnul.
 12346 | D:8      | Reached skill level 5 in Conjurations
 13096 | D:8      | Offered knowledge of Throw Frost by Vehumet.
 13096 | D:8      | Reached skill level 8 in Spellcasting
 13451 | D:8      | Found a runed gate.
 13451 | D:8      | Found a runed gate.
 13451 | D:8      | Found a runed gate.
 13457 | D:8      | Noticed SeriousVitamin's ghost (novice DEFE)
 13458 | D:8      | Found a roughly hewn altar of Beogh.
 13485 | D:8      | Reached XP level 10. HP: 55/63 MP: 17/22
 13899 | D:9      | Reached *** piety under Vehumet
 13909 | D:9      | Reached skill level 5 in Polearms
 13922 | D:9      | Reached skill level 9 in Spellcasting
 14039 | D:9      | Offered knowledge of Dazzling Spray by Vehumet.
 14299 | D:9      | Noticed Pikel
 14323 | D:9      | Killed Pikel
 14637 | D:9      | Reached **** piety under Vehumet
 15059 | D:9      | Found a staircase to the Orcish Mines.
 15159 | D:9      | Offered knowledge of Irradiate by Vehumet.
 15547 | D:10     | Entered Level 10 of the Dungeon
 15582 | D:10     | Reached XP level 11. HP: 51/67 MP: 20/24
 15692 | D:10     | Reached skill level 10 in Spellcasting
 16315 | D:10     | Found a radiant altar of Vehumet.
 16350 | D:10     | Reached skill level 1 in Necromancy
 17156 | D:10     | Noticed a two-headed ogre
 17175 | D:10     | Killed a two-headed ogre
 17264 | D:10     | Reached ***** piety under Vehumet
 17361 | D:10     | Offered knowledge of Bolt of Fire by Vehumet.
 17631 | D:10     | Learned a level 6 spell: Bolt of Fire
 17816 | D:11     | Noticed Sonja
 17819 | D:11     | Killed Sonja
 17819 | D:11     | Reached skill level 1 in Fire Magic
 18123 | D:11     | Noticed a cyclops
 18133 | D:11     | Reached skill level 11 in Spellcasting
 18137 | D:11     | Killed a cyclops
 18284 | D:11     | Found Qafopi's General Store.
 18292 | D:11     | Bought a potion of curing for 33 gold pieces
 18338 | D:11     | Found a staircase to the Lair.
 18533 | D:12     | Noticed a brown ugly thing
 18647 | D:12     | Found a shadowy altar of Dithmenos.
 18658 | D:12     | Noticed a manticore
 18670 | D:12     | Slain by a manticore

Skill      XL: |  1  2  3  4  5  6  7  8  9 10 11 |
---------------+----------------------------------+-----
Poison Magic   | 4 5 6 7 8 |  8.0
Air Magic      | 1 2 |  2.0
Spellcasting   | 3 5 6 8 9 11 | 11.0
Fighting       | 1 2 3 4 |  4.2
Conjurations   | 2 4 5 6 8 |  8.0
Polearms       | 2 4 6 7 |  7.1
Summonings     | 1 2 3 4 |  4.0
Necromancy     | 1 |  1.5
Fire Magic     | 2 |  2.6
Dodging        | |  2.0
Stealth        | |  2.6
Earth Magic    | |  0.5

Action                   |  1- 3 |  4- 6 |  7- 9 | 10-12 || total
-------------------------+-------+-------+-------+-------++-------
Melee: Unarmed           |    54 |   133 |    13 |       ||   200
       Tentacles         |    15 |    17 |    19 |    21 ||    72
       Constrict         |    15 |    38 |    31 |    24 ||   108
       Halberd           |       |       |   168 |   194 ||   362
 Cast: Sting             |    11 |     7 |     4 |       ||    22
       Poisonous Vapours |     2 |    30 |    93 |    63 ||   188
       Olgreb's Toxic Ra |       |     4 |    31 |    69 ||   104
       Summon Small Mamm |       |       |    39 |    39 ||    78
       Animate Skeleton  |       |       |     1 |    41 ||    42
       Sandblast         |       |       |     5 |       ||     5
Evoke: Wand              |       |       |       |     3 ||     3
  Use: Potion            |     3 |       |     1 |       ||     4
       Scroll            |       |       |     1 |    10 ||    11
 Stab: Sleeping          |     9 |     4 |       |     3 ||    16
       Distracted        |     2 |       |     1 |     5 ||     8
  Eat: Chunk             |     4 |    11 |    26 |    21 ||    62
       Ration            |       |     1 |       |       ||     1
Armor: Skin              |     5 |     6 |     6 |     7 ||    24
Dodge: Dodged            |    27 |    80 |   103 |    88 ||   298
